 Dungeon Crawl Stone Soup version 0.31-a0-185-g9dded2c639 (webtiles) character file.

Game seed: 18083552960368292572

71 qw the Shooter (level 4, 0/25 HPs)
             Began as a Deep Elf Hunter on June 22, 2023.
             Succumbed to their own poison gas
             ... on level 2 of the Dungeon.
             The game lasted 00:00:41 (1325 turns).

qw the Shooter (Deep Elf Hunter)                    Turns: 1325, Time: 00:00:41

Health: 0/25       AC:  6    Str: 10    XL:     4   Next: 5%
Magic:  6/6        EV: 16    Int: 14    God:
Gold:   48         SH:  0    Dex: 18    Spells: 3/3 levels left

rFire   . . .        Y - +1 shortbow
rCold   . . .        (shield currently unavailable)
rNeg    . . .        d - +0 ring mail
rPois   .            e - +0 helmet
rElec   .            (no cloak)
rCorr   .            (no gloves)
SInv    .            (no boots)
Will    .....        (no amulet)
Stlth   +            a - +5 ring of evasion
HPRegen 0.24/turn    (no ring)
MPRegen 0.10/turn

%: no passive effects
@: lethally poisoned (0 -> -2)
A: no striking features
a: no special abilities


You were on level 2 of the Dungeon.
You visited 1 branch of the dungeon, and saw 2 of its levels.

You collected 48 gold pieces.


   Skills:
 - Level 1.5 Fighting
 + Level 7.5 Ranged Weapons
 - Level 2.4 Dodging
 - Level 1.2 Stealth


You had 3 spell levels left.
You didn't know any spells.
Your spell library was empty.

Inventory:

Hand Weapons
 Y - a +1 shortbow (weapon)
Armour
 d - a +0 ring mail (worn)
 e - a +0 helmet (worn)
Jewellery
 a - a +5 ring of evasion (left hand)
 h - a ring of fire
Potions
 g - a potion of heal wounds {unknown}
 i - a potion of berserk rage {unknown}

Dungeon Overview and Level Annotations

Branches:
Dungeon (2/15)

Altars:


Message History

(D) Dungeon
Where to? (* - list waypoints, Enter - D:2, ? - help)
What level of the Dungeon? (default 1, ? - help) Sorry, I don't know how to get there.
Enter note:
Enter note:
Enter note:
Enter note:
Enter note:
Enter note:
Enter note:
Enter note:
Enter note:
Enter note:
Enter note:
Enter note:
Enter note:
Enter note:
Enter note: Really walk into that cloud of poison gas?
You are engulfed in poison gas.
You are poisoned.
You feel very sick.
1318 ||| Stepping ~*~*~tactically~*~*~ (cloud).
You feel very sick.
Things that are here:
a ring of magical power; a +0 leather armour
There is a lethal amount of poison in your body!
You feel very sick.
There is a lethal amount of poison in your body!
You feel sick.
There is a lethal amount of poison in your body!
You feel sick.
There is a lethal amount of poison in your body!
You feel sick.
There is a lethal amount of poison in your body!
You feel sick.
There is a lethal amount of poison in your body!
You feel sick.
There is a lethal amount of poison in your body!
You die...

### ## #.############## #.
#...[..00¤¤¤00@# #.
#.############¤# #. #.#
#0# #. #.# #0#
############. #.# #¤#
#............ #.#
########¤#####.#########.
# #.#
#......¤¤¤........[......
# #.#
##.######¤#####.##########
# #.# ##..######+#####.# #


There were no monsters in sight!

Vanquished Creatures
  2 adders (D:2)
  2 worms (D:2)
  2 dart slugs (D:1)
  5 endoplasms (D:1)
  3 giant cockroaches
  4 goblins (D:1)
  5 hobgoblins
  A quokka (D:2)
  6 ball pythons
  3 bats
  A frilled lizard (D:1)
  3 kobolds
  5 rats (D:1)
42 creatures vanquished.

Notes
Turn   | Place    | Note
-------+----------+-------------------------------------------
     0 | D:1      | qw the Deep Elf Hunter began the quest for the Orb.
     0 | D:1      | Reached XP level 1. HP: 12/12 MP: 3/3
     0 | D:1      | 0 ||| qw: Version: 0.3-a-9-g12657ce
     0 | D:1      | 0 ||| qw: Game counter: 1900
     0 | D:1      | 0 ||| qw: Always use a shield: true
     0 | D:1      | 0 ||| qw: God list: Okawaru
     0 | D:1      | 0 ||| qw: Allow faded altars: false
     0 | D:1      | 0 ||| qw: Do Orc after D:15 true
     0 | D:1      | 0 ||| qw: Do second Lair branch before Depths: true
     0 | D:1      | 0 ||| qw: Lair rune preference: random
     0 | D:1      | 0 ||| qw: Plans: Normal
     0 | D:1      | 0 ||| PLANNING D:1-11
   138 | D:1      | Reached XP level 2. HP: 16/16 MP: 4/4
   201 | D:1      | Reached skill level 6 in Ranged Weapons
   405 | D:1      | Found a faded altar of an unknown god.
   411 | D:1      | 411 ||| UPGRADING to +0 helmet.
   416 | D:1      | 416 ||| READING scroll labelled CUQALUNATA.
   417 | D:1      | 417 ||| READING scroll labelled XEWIEROBEWN.
   418 | D:1      | 418 ||| READING scroll labelled BASATEFFUO.
   419 | D:1      | 419 ||| DRINKING 2 brown potions.
   420 | D:1      | 420 ||| DROPPING scroll of butterflies.
   421 | D:1      | 421 ||| DROPPING potion of attraction.
   457 | D:1      | Reached XP level 3. HP: 20/20 MP: 5/5
   764 | D:2      | Reached skill level 7 in Ranged Weapons
  1062 | D:2      | Reached XP level 4. HP: 25/25 MP: 6/6
  1302 | D:2      | 1302 ||| UPGRADING to +0 ring mail.
  1312 | D:2      | 1312 ||| DROPPING +0 leather armour.
  1313 | D:2      | 1313 ||| UPGRADING to +5 ring of evasion.
  1314 | D:2      | 1314 ||| DROPPING ring of magical power.
  1315 | D:2      | 1315 ||| READING scroll labelled OTWELI DOSIG.
  1316 | D:2      | 1316 ||| READING scroll labelled YGOUMEEWOG.
  1318 | D:2      | 1318 ||| Stepping ~*~*~tactically~*~*~ (cloud).
  1320 | D:2      | HP: 5/25 [poisoned by you (poison gas)]
  1322 | D:2      | HP: 2/25 [poisoned by you (poison gas)]
  1325 | D:2      | Succumbed to their own poison gas

Levels and vault maps discovered:
D:1:      co_arrival_square_in_a_square_in_a_square, layout_loops_cross,
          nicolae_ecumenical_lake_church
D:2:      layout_basic

Skill      XL: |  1  2  3 |
---------------+----------+-----
Ranged Weapons | 6 7 |  7.5
Fighting       | |  1.5
Dodging        | |  2.4
Stealth        | |  1.2

Action                     |  1- 3 |  4- 6 || total
---------------------------+-------+-------++-------
   Fire: Shortbow          |   108 |     4 ||   112
    Use: Scroll            |     3 |     2 ||     5
         Potion            |     1 |       ||     1
 Armour: Leather armour    |     9 |       ||     9
  Dodge: Dodged            |    12 |       ||    12

Table legend:
 A = Non-vault XP
 B = Vault XP
 C = Vault XP percentage of total XP
 D = Non-vault monster count
 E = Vault monster count
 F = Vault count percentage of total count
                 A         B        C        D         E       F
            +---------+---------+-------+---------+---------+-------
      Total |     102 |       0 |   0.0 |      42 |       0 |   0.0
            +---------+---------+-------+---------+---------+-------
        D:1 |      46 |       0 |   0.0 |      27 |       0 |   0.0
        D:2 |      56 |       0 |   0.0 |      15 |       0 |   0.0
            +---------+---------+-------+---------+---------+-------
